 Dungeon Crawl Stone Soup version 0.28.0-53-g5a82cb258f (webtiles) character file.

Game seed: 9743591617488086925

1458 gobodom the Ducker (level 8, -7/58 HPs)
             Began as a Demonspawn Transmuter on June 20, 2022.
             Mangled by an ogre
             ... wielding a +0 giant spiked club
              (23 damage)
             ... on level 5 of the Dungeon on June 21, 2022.
             The game lasted 00:28:00 (4640 turns).

gobodom the Ducker (Demonspawn Transmuter)          Turns: 4640, Time: 00:28:02

Health: -7/58      AC:  4    Str: 12    XL:     8   Next: 47%
Magic:  12/12      EV: 13    Int: 14    God:
Gold:   207        SH:  0    Dex: 15    Spells: 11/12 levels left

rFire   . . .      SeeInvis .   c - +2 dagger (drain)
rCold   . . .      Faith    .   (no shield)
rNeg    . . .      Spirit   .   f - +0 troll leather armour {Pargi}
rPois   .          Reflect  .   (helmet restricted)
rElec   .          Harm     .   (no cloak)
rCorr   .          Rampage  .   (no gloves)
Will    .....                   (no boots)
Stlth   ++........              (no amulet)
HPRegen 0.99/turn               (no ring)
MPRegen 0.13/turn               (no ring)

@: about to teleport
A: antennae 1, claws 1, demonic magic 1, weakness stinger 1
a: no special abilities


You were on level 5 of the Dungeon.
You visited 1 branch of the dungeon, and saw 5 of its levels.
You also visited: Sewer.

You collected 207 gold pieces.

Inventory:

Hand Weapons
 c - a +2 dagger of draining (weapon)
 j - a +2 dagger of protection
 v - a +2 vorpal hand axe
Missiles
 u - 6 poisoned darts (quivered)
 B - 3 boomerangs
Armour
 a - a +0 robe
 f - a +0 troll leather armour (worn) {Pargi}
 g - a +4 ring mail
 x - a +0 pair of gloves
Wands
 b - a wand of iceblast (8)
 o - a wand of polymorph (6)
 r - a wand of charming (6)
Scrolls
 d - 2 scrolls of summoning
 e - 2 scrolls of fog
 q - 2 scrolls of enchant weapon {unknown}
 s - a scroll of fear {unknown}
 t - a scroll of teleportation
 y - a scroll of enchant armour {unknown}
 z - a scroll of blinking {unknown}
 A - a scroll of brand weapon {unknown}
Potions
 h - a potion of ambrosia
 i - 2 potions of resistance
 k - a potion of invisibility
 l - 2 potions of heal wounds {unknown}
 m - 3 potions of might
 n - a potion of curing
 p - a potion of haste {unknown}
 w - a potion of degeneration {unknown}
 C - a potion of flight {unknown}


   Skills:
 + Level 3.3 Fighting
 + Level 4.7 Short Blades
 + Level 2.8 Throwing
 + Level 3.2 Armour
 + Level 4.9 Dodging
 + Level 1.6 Stealth
 + Level 3.4 Unarmed Combat
 + Level 2.7 Spellcasting
 + Level 2.2 Transmutations
 + Level 0.2 Evocations


You had 11 spell levels left.
You knew the following spells:

 Your Spells              Type           Power      Damage    Failure   Level
a - Beastly Appendage     Tmut           16%        N/A       11%         1

Your spell library contained the following spells:

 Spells                   Type           Power      Damage    Failure   Level
 Wereblood                Tmut           8%         N/A       17%         2
 Spider Form              Tmut/Pois      5%         N/A       47%         3
 Ice Form                 Ice/Tmut       5%         N/A       87%         4


Dungeon Overview and Level Annotations

Branches:
Dungeon (5/15)              Sewer (visited)
 Temple: D:4-7

Altars:
Elyvilon
Yredelemnul

Shops:
D:5 (


Innate Abilities, Weirdness & Mutations

You have a pair of small antennae on your head.
You have sharp fingernails.
Spells you cast may paralyse adjacent enemies.
You have a small tail.


Message History

You feel sick.
You are no longer poisoned.
The phantom hits you.
The phantom blinks!
You blink.
You hit the phantom.
The phantom is severely damaged.
The phantom hits you.
You hit the phantom.
The phantom is almost destroyed.
The phantom closely misses you.
You barely miss the phantom. You tail-slap the phantom.
The phantom is almost destroyed.
You closely miss the phantom.
The phantom is almost destroyed.
The phantom hits you.
You hit the phantom.
You destroy the phantom!
i - 2 potions of resistance (gained 1)
An ogre comes into view. It is wielding a +0 giant spiked club.
The ogre shouts!
C - a coppery potion An iguana comes into view.
The ogre hits you with a +0 giant spiked club!
The iguana hisses angrily.
You barely miss the ogre. You hit the ogre.
You tail-slap the ogre, but do no damage.
The ogre is lightly wounded.
The iguana bites you.
The ogre hits you with a +0 giant spiked club.
You completely miss the ogre.
The ogre is lightly wounded.
The iguana bites you.
You closely miss the iguana. You tail-slap the iguana.
The iguana is lightly wounded.
The ogre hits you with a +0 giant spiked club!!
* * * LOW HITPOINT WARNING * * *
As you read the scroll of teleportation, it crumbles to dust.
You feel strangely unstable. The iguana closely misses you.
The ogre hits you with a +0 giant spiked club!!
You die...

#.# #.# #.# ... ### ..#
#.# #####.### #@l.?....
## #O###.##. ..
###.###.## .# ##+##
#........# .#
##...###.#......# .#
##.....##.#..###.# .#
##.......#.#..#.#.#
.####..........#......#.#
....'...................#


You could see an ogre and an iguana.

Vanquished Creatures
  2 water moccasins
  Pargi (D:3)
  An ice beast (D:4)
  A necrophage (D:5)
  A centaur (D:5)
  3 phantoms (D:5)
  3 scorpions
  A howler monkey (D:5)
  A human zombie (D:4)
  A bullfrog skeleton (D:5)
  3 hounds
  A jelly (D:5)
  An orc priest (D:4)
  Ijyb (D:3)
  An iguana (D:4)
  An orc wizard (D:3)
  6 adders
  4 worms
  A dart slug (D:2)
  9 orcs
  4 bats
  4 endoplasms
  17 giant cockroaches
  2 hobgoblins
  8 jackals
  2 quokkas (D:4)
  13 ball pythons
  4 frilled lizards
  9 goblins
  A goblin skeleton (D:4)
  8 kobolds
  5 rats
120 creatures vanquished.

Vanquished Creatures (others)
  A jackal (D:4)
1 creature vanquished.

Grand Total: 121 creatures vanquished

Notes
Turn   | Place    | Note
-------+----------+-------------------------------------------
     0 | D:1      | gobodom the Demonspawn Transmuter began the quest for the
                  | Orb.
     0 | D:1      | Reached XP level 1. HP: 15/15 MP: 3/3
   438 | D:1      | Discovered your monstrous ancestry.
   438 | D:1      | Gained mutation: You have sharp fingernails. [demonic
                  | ancestry]
   438 | D:1      | Reached XP level 2. HP: 21/21 MP: 5/5
   832 | D:2      | Gained mutation: Spells you cast may paralyse adjacent
                  | enemies. [demonic ancestry]
   832 | D:2      | Reached XP level 3. HP: 26/26 MP: 6/6
  1830 | D:3      | Reached skill level 1 in Short Blades
  1860 | D:3      | Noticed Ijyb
  1872 | D:3      | Gained mutation: You have a pair of small antennae on your
                  | head. [demonic ancestry]
  1872 | D:3      | Reached XP level 4. HP: 27/32 MP: 7/7
  1910 | D:3      | Killed Ijyb
  1911 | D:3      | Reached skill level 1 in Armour
  2613 | D:3      | Reached XP level 5. HP: 33/37 MP: 8/8
  2615 | D:3      | Noticed Pargi
  2644 | D:3      | Killed Pargi
  2980 | D:3      | Reached skill level 1 in Stealth
  2980 | D:3      | Gained mutation: You have a small tail. [demonic ancestry]
  2980 | D:3      | Reached XP level 6. HP: 43/43 MP: 9/9
  3010 | D:4      | Found a glowing drain.
  3048 | D:4      | Reached skill level 1 in Throwing
  3056 | Sewer    | Entered a sewer
  3141 | Sewer    | Noticed a water moccasin
  3162 | Sewer    | Killed a water moccasin
  3259 | D:4      | Reached XP level 7. HP: 50/50 MP: 10/10
  3578 | D:4      | Found a runed translucent door.
  3578 | D:4      | Noticed a human
  3583 | D:4      | Found a basalt altar of Yredelemnul.
  3904 | D:5      | Entered Level 5 of the Dungeon
  4025 | D:5      | Found Jovenare's Antique Weapon Emporium.
  4283 | D:5      | Reached XP level 8. HP: 58/58 MP: 12/12
  4640 | D:5      | Mangled by an ogre

Illustrated notes

Levels and vault maps discovered:
D:1:      dpeg_arrival_tiny_a, layout_basic
D:2:      minmay_roachtagon, layout_loops_ring, corexii_hall_statues_i,
          chequers_serial_rivers_micro_e
D:3:      layout_loops_cross, serial_co_window_serial, co_window_paths_b,
          co_window_of_opportunity_a, co_window_of_opportunity_a,
          co_window_paths_b, co_window_paths_a, co_window_corner_cb,
          co_window_2corner, co_window_broadway_c, co_window_of_opportunity_b,
          co_window_of_opportunity_b, co_window_broadway_b, glass_columns_a,
          glass_columns_a, glass_columns_a, uniq_pargi, uniq_ijyb
D:4:      layout_rooms, marbit_many_paths, dk_yredelemnul_ordeal,
          portal_sewer_entry_a
D:5:      layout_loops_corners, serial_shops, nicolae_shop_stone

Skill      XL: |  1  2  3  4  5  6  7  8 |
---------------+-------------------------+-----
Unarmed Combat | 3 |  3.4
Dodging        | 2 3 4 |  4.9
Transmutations | 2 |  2.2
Short Blades   | 1 2 3 4 |  4.7
Armour         | 1 2 3 |  3.2
Stealth        | 1 |  1.6
Throwing       | 1 2 |  2.8
Fighting       | 2 3 |  3.3
Spellcasting   | |  2.7
Evocations     | |  0.2

Action                   |  1- 3 |  4- 6 |  7- 9 || total
-------------------------+-------+-------+-------++-------
Melee: Unarmed           |    17 |     4 |       ||    21
       Dagger            |   116 |   179 |   225 ||   520
       Kick              |     2 |       |    12 ||    14
       Punch             |     2 |     2 |     9 ||    13
       Tailslap          |       |     4 |    42 ||    46
Throw: Dart              |     5 |    14 |    26 ||    45
 Cast: Beastly Appendage |     4 |       |     5 ||     9
Evoke: Wand              |       |       |     3 ||     3
  Use: Scroll            |     4 |     3 |     3 ||    10
 Stab: Distracted        |     1 |       |       ||     1
       Confused          |       |     1 |       ||     1
       Paralysed         |       |       |     1 ||     1
Armor: Ring mail         |    59 |    37 |       ||    96
       Skin              |     2 |     1 |       ||     3
       Troll leather arm |       |    30 |    38 ||    68
Dodge: Dodged            |    86 |   150 |   118 ||   354
